AoeStats
← Křovák

Black Forest

505322020Analyzed
1v1 RM · 24d ago on Sep 8, 2026· 54m 41s· 2 players
Game mode
Random Map
Map size
Tiny (2 player)
Population
200
Speed
Normal
Resources
Standard
Victory
Conquest
Starting age
Dark Age
Ending age
Imperial Age
RankedLock teamsTeams togetherTeam positionsShared explorationLock speedFull tech treeHidden civsTurbo modeCheats
Victory
Defeat
🇬🇧 Celts · United Kingdom
800
+17
🇨🇿 Turks · Czechia
818
-17
OneWishFish
11:27 Feudal Age
9:42 Loom
12:43 Wheelbarrow
11:54 Town Watch
12:46 Man-at-Arms
13:49 Arson
17:43 Horse Collar
20:51 Double-Bit Axe
24:13 Castle Age
22:35 Forging
22:26 Scale Mail Armor
24:31 Long Swordsman
27:12 Gold Mining
29:15 Stone Mining
30:03 Gold Shaft Mining
30:37 Iron Casting
30:18 Chain Mail Armor
36:54 Imperial Age
36:54 Heavy Plow
37:07 Bow Saw
37:51 Hand Cart
40:01 Two-Handed Swordsman
40:51 Gambesons
41:45 Capped Ram
43:35 Champion
45:00 Town Patrol
46:25 Conscription
47:58 Siege Ram
48:33 Pikeman
50:35 Furor Celtica
54:21 Elite Woad Raider
55:42 Plate Mail Armor
56:13 Blast Furnace
Křovák
0:36 Loom
13:16 Feudal Age
13:45 Double-Bit Axe
17:49 Castle Age
16:33 Fletching
21:54 Horse Collar
25:35 Bodkin Arrow
31:42 Bow Saw
36:05 Imperial Age
33:59 Heavy Plow
37:29 Bracer
37:40 Forging
39:12 Murder Holes
39:37 Ballistics
40:27 Town Watch
41:18 Wheelbarrow
44:16 Artillery
45:27 Gold Mining
45:27 Stone Mining
Connection lost

Rejoining the realm…

Still unreachable

The connection could not be restored.

Session expired

The server has moved on; the page needs a fresh start.